 Dungeon Crawl Stone Soup version 0.28-a0-595-g9f6c0e134a (webtiles) character file.

Game seed: 14772933979205777411

548 sleeves the Cleaver (level 7, 0/61 HPs)
             Began as a Deep Dwarf Fighter on Oct 5, 2021.
             Slain by a shadow (5 damage)
             ... on level 5 of the Dungeon.
             The game lasted 00:07:36 (2396 turns).

sleeves the Cleaver (Deep Dwarf Fighter)            Turns: 2396, Time: 00:07:36

Health: 0/61       AC: 12    Str: 20    XL:     7   Next: 7%
Magic:  15/15 (6)  EV:  9    Int:  9    God:
Gold:   170        SH:  5    Dex: 13    Spells: 6/6 levels left

rFire   . . .      SeeInvis .   g - +2 hand axe (flame)
rCold   . . .      Faith    .   c - +0 buckler
rNeg    . . .      Spirit   .   b - +0 scale mail
rPois   .          Reflect  .   j - +0 helmet
rElec   .          Harm     .   (no cloak)
rCorr   .          Rampage  .   (no gloves)
Will    +....                   (no boots)
Stlth   ..........              (no amulet)
HPRegen 0.00/turn               n - +4 ring of protection
MPRegen 0.14/turn               o - ring of magical power

@: no status effects
A: damage resistance, heal wounds, sense surroundings 1, no regeneration
a: Heal Wounds


You were on level 5 of the Dungeon.
You visited 1 branch of the dungeon, and saw 5 of its levels.

You collected 170 gold pieces.

Inventory:

Hand Weapons
 a - a +0 war axe
 g - a +2 hand axe of flaming (weapon)
   (You found it on level 1 of the Dungeon)
Armour
 b - a +0 scale mail (worn)
 c - a +0 buckler (worn)
 j - a +0 helmet (worn)
   (You found it on level 1 of the Dungeon)
Jewellery
 n - a +4 ring of protection (left hand)
   (You found it on level 3 of the Dungeon)
 o - a ring of magical power (right hand)
   (You found it on level 3 of the Dungeon)
Scrolls
 e - a scroll of blinking {unknown}
 h - 3 scrolls of teleportation {unknown}
 k - 5 scrolls of identify {unknown}
 l - a scroll of fear {unknown}
 t - a scroll of noise {unknown}
 u - a scroll of amnesia {unknown}
Potions
 d - a potion of might
 f - a potion of cancellation {unknown}
 i - 3 potions of attraction {unknown}
 m - 3 potions of curing {unknown}
 p - a potion of degeneration {unknown}
 q - 2 potions of invisibility {unknown}
 r - a potion of ambrosia {unknown}
 s - a potion of heal wounds {unknown}


   Skills:
 - Level 2.6 Fighting
 + Level 8.2 Axes
 - Level 3.2 Armour
 - Level 4.0 Shields


You had 6 spell levels left.
You didn't know any spells.
Your spell library contained the following spells:

 Spells                   Type           Power      Damage    Failure   Level
 Magic Dart               Conj           0%         1d3       75%         1
 Call Imp                 Summ           0%         N/A       86%         2
 Mephitic Cloud           Conj/Pois/Air  0%         N/A       98%         3


Dungeon Overview and Level Annotations

Branches:
Dungeon (5/15)
 Temple: D:4-7

Altars:
Wu Jian
Xom

Shops:
D:3 (


Innate Abilities, Weirdness & Mutations

You are resistant to damage.
You can heal yourself by infusing magical energy.
You passively map a small area around you.
You do not regenerate.


Message History

You hit the quokka. You burn the quokka.
You kill the quokka!
You hit the dart slug. You burn the dart slug.
The dart slug launches a dart at you. The slug dart misses you.
The slug dart hits the plant.
The plant begins to die.
Your Axes skill increases to level 3!
You slash the dart slug! You burn the dart slug.
You kill the dart slug!
You closely miss the frilled lizard. You block the frilled lizard's attack.
You slash the frilled lizard! You burn the frilled lizard.
You kill the frilled lizard!
A nearby plant withers and dies.
No target in view!
No target in view!
m - a bubbling amethyst potion
Found an ornate altar of the Wu Jian Council.
A hobgoblin comes into view.
A hobgoblin is nearby!
The hobgoblin shouts!
A bat comes into view.
The bat hits you but does no damage.
You miss the bat. The bat closely misses you.
Your shield and scale mail prevent you from hitting the bat.
You hit the hobgoblin but do no damage. The bat barely misses you. x2
The hobgoblin closely misses you.
You slash the bat! You burn the bat.
You kill the bat!
You closely miss the hobgoblin. You block the hobgoblin's attack.
Training target 4.0 for Shields reached!
Your Shields skill increases to level 4!
You hit the hobgoblin. You burn the hobgoblin.
You kill the hobgoblin!
No target in view!
No target in view!
You now have 41 gold pieces (gained 12).
You now have 54 gold pieces (gained 13).
There is an ornate altar of the Wu Jian Council here.
Done exploring.
Done exploring.
Done exploring.
Done exploring.
No target in view!
(D) Dungeon
Where to? (Enter - D:2, ? - help)
There is a stone staircase leading down here.
You climb downwards.
Found a shiny moonstone ring.
Found a stone staircase leading down.
There is a stone staircase leading up here.
A rat and a hobgoblin come into view.
Found a wooden ring.
Found a stone staircase leading up.
The hobgoblin shouts!
There are monsters nearby!
A ball python comes into view.
The ball python hisses angrily.
You block the rat's attack.
You barely miss the hobgoblin. You closely miss the rat.
The hobgoblin completely misses you. The rat bites you but does no damage.
The ball python bites you but does no damage.
The ball python grabs you. The ball python constricts you.
You closely miss the ball python. You closely miss the hobgoblin.
You hit the rat. You burn the rat.
You kill the rat!
You block the hobgoblin's attack.
The ball python bites you but does no damage.
The ball python constricts you.
You hit the ball python but do no damage.
You closely miss the hobgoblin.
The ball python bites you but does no damage.
The ball python constricts you.
The hobgoblin hits you but does no damage.
You hit the ball python. You burn the ball python.
You kill the ball python!
You hit the hobgoblin. You burn the hobgoblin.
You kill the hobgoblin!
You have reached level 3!
Your experience leads to an increase in your attributes!
Increase (S)trength, (I)ntelligence, or (D)exterity?
You feel agile.
n - a +4 ring of protection
n - a +4 ring of protection (left hand)
Found an escape hatch in the ceiling.
o - a ring of magical power You feel your magic capacity increase.
o - a ring of magical power (right hand) Magic restored.
There is an escape hatch in the ceiling here.
Found 7 bolts.
A hobgoblin comes into view.
The hobgoblin shouts!
A hobgoblin is nearby!
The hobgoblin closely misses you.
You hit the hobgoblin. You burn the hobgoblin.
The hobgoblin is severely wounded.
The hobgoblin barely misses you.
You hit the hobgoblin. You burn the hobgoblin.
You kill the hobgoblin!
No target in view!
No target in view!
Found 20 bolts.
A giant cockroach comes into view.
A giant cockroach is nearby!
You hit the giant cockroach. You burn the giant cockroach.
You kill the giant cockroach!
No target in view!
No target in view!
You see here 20 bolts.
A quokka comes into view.
A quokka is nearby!
A quokka is nearby!
Found a stone staircase leading down.
You barely miss the quokka. The quokka barely misses you.
You hit the quokka. You burn the quokka.
The quokka is moderately wounded.
You block the quokka's attack. The quokka barely misses you.
You slash the quokka! You burn the quokka.
You kill the quokka!
No target in view!
No target in view!
A hobgoblin comes into view.
The hobgoblin shouts!
A hobgoblin is nearby!
A hobgoblin is nearby!
A hobgoblin is nearby!
You block the hobgoblin's attack.
You hit the hobgoblin but do no damage. The hobgoblin hits you.
You hit the hobgoblin. You burn the hobgoblin.
The hobgoblin is heavily wounded.
The hobgoblin barely misses you.
You slash the hobgoblin! You burn the hobgoblin.
You kill the hobgoblin!
A giant cockroach comes into view.
You see here a hobgoblin corpse.
You closely miss the giant cockroach. The giant cockroach closely misses you.
A giant cockroach is nearby!
A giant cockroach is nearby!
You barely miss the giant cockroach. You block the giant cockroach's attack.
You hit the giant cockroach. You burn the giant cockroach.
The giant cockroach is severely wounded.
The giant cockroach misses you.
A rat comes into view.
The giant cockroach bites you but does no damage.
You hit the giant cockroach but do no damage.
The giant cockroach is heavily wounded.
The giant cockroach barely misses you.
You slash the giant cockroach! You burn the giant cockroach.
You kill the giant cockroach!
Found 7 arrows.
The rat barely misses you.
You see here a giant cockroach corpse.
You barely miss the rat. The rat bites you but does no damage.
You hit the rat. You burn the rat.
You kill the rat!
No target in view!
No target in view!
Found a stone staircase leading up.
Found a stone staircase leading down. "WORSHIP ME, MORTAL," Xom booms, "AND I SHALL GRANT YOU THE GREATEST GIFT OF ALL."
Found a shimmering altar of Xom.
No target in view!
No target in view!
You now have 63 gold pieces (gained 9).
You now have 67 gold pieces (gained 4).
Found 15 stones.
Found Fiqiyc's Weapon Shoppe.
Found an escape hatch in the floor.
Found an escape hatch in the ceiling.
There is an entrance to Fiqiyc's Weapon Shoppe here.
Found 14 poisoned darts.
There is an escape hatch in the floor here.
You pick up a book of Minor Magic and begin reading...
You add the spells Magic Dart, Call Imp and Mephitic Cloud to your library.
There is an escape hatch in the floor here.
You see here 15 stones.
There is a stone staircase leading up here.
You climb upwards.
There is a stone staircase leading down here.
An adder comes into view.
An adder is nearby!
An adder is nearby!
A rat comes into view.
Found 13 stones.
The adder barely misses you.
You barely miss the adder. The adder closely misses you.
You hit the adder. You burn the adder.
The adder is moderately wounded.
You block the adder's attack.
You miss the adder.
The adder is moderately wounded.
You block the adder's attack. x2
You hit the adder. You burn the adder.
You kill the adder!
You hit the rat but do no damage. The rat bites you but does no damage.
You hit the rat. You burn the rat.
You kill the rat!
No target in view!
No target in view!
No target in view!
No target in view!
No target in view!
No target in view!
No target in view!
No target in view!
A kobold comes into view. It is wielding a +0 club.
Found a scroll labelled TOOSEE GU WYC.
The kobold shouts!
The kobold throws a stone.
You block the stone.
A kobold is nearby!
A kobold is nearby!
A kobold is nearby!
A quokka comes into view.
A quokka comes into view.
The kobold throws a stone.
The stone closely misses you. The kobold hits you but does no damage.
You hit the kobold. You burn the kobold.
You kill the kobold!
You hit the quokka. You burn the quokka.
The quokka is severely wounded.
The quokka barely misses you.
You hit the quokka. You burn the quokka.
You kill the quokka!
An endoplasm comes into view.
The quokka closely misses you.
The endoplasm quivers.
You hit the quokka. You burn the quokka.
You kill the quokka!
Items here: ( ) †††.
The endoplasm hits you but does no damage.
You hit the endoplasm but do no damage. The endoplasm closely misses you.
You hit the endoplasm. You burn the endoplasm.
The endoplasm is almost dead.
The endoplasm freezes you.
You are frozen.
An endoplasm is nearby!
An endoplasm is nearby!
An endoplasm is nearby!
An endoplasm is nearby!
You hit the endoplasm. You burn the endoplasm.
You kill the endoplasm!
An adder comes into view.
You slash the adder! You burn the adder.
You kill the adder!
Your Axes skill increases to level 4!
No target in view!
No target in view!
h - 2 scrolls labelled TOOSEE GU WYC (gained 1)
An adder comes into view.
An adder is nearby!
The adder hisses angrily.
Found a robe.
You slash the adder! You burn the adder.
The adder is almost dead.
The adder bites you but does no damage. You block the adder's attack.
You barely miss the adder.
The adder is almost dead.
A goblin comes into view. It is wielding a +0 club.
The adder closely misses you.
The goblin shouts!
You hit the adder. You burn the adder.
You kill the adder!
You have reached level 4!
You feel clever.
Things that are here:
an adder corpse; an adder corpse You slash the goblin!
You burn the goblin.
You kill the goblin!
No target in view!
No target in view!
No target in view!
No target in view!
No target in view!
No target in view!
No target in view!
No target in view!
Things that are here:
a +0 club; a goblin corpse A hobgoblin comes into view.
The hobgoblin shouts!
A hobgoblin is nearby!
A hobgoblin is nearby!
You barely miss the hobgoblin.
The hobgoblin hits you but does no damage.
You hit the hobgoblin. You burn the hobgoblin.
The hobgoblin is almost dead.
The hobgoblin hits you but does no damage.
You barely miss the hobgoblin.
The hobgoblin is almost dead.
You block the hobgoblin's attack.
You closely miss the hobgoblin.
The hobgoblin is almost dead.
The hobgoblin hits you.
You hit the hobgoblin. You burn the hobgoblin.
You kill the hobgoblin!
No target in view!
No target in view!
No target in view!
No target in view!
No target in view!
Found a robe.
Found 17 stones.
An endoplasm comes into view.
The endoplasm quivers.
Found a stone staircase leading up.
You enter the shallow water.
Moving in this stuff is going to be slow.
You hit the endoplasm. You burn the endoplasm.
The endoplasm is severely wounded.
You block the endoplasm's attack.
The endoplasm splashes around in the water.
You slash the endoplasm! You burn the endoplasm.
You kill the endoplasm!
No target in view!
No target in view!
k - 2 scrolls labelled VANUIMM GIGGIS (gained 1)
You enter the shallow water.
Moving in this stuff is going to be slow.
You see here 17 stones.
k - 3 scrolls labelled VANUIMM GIGGIS (gained 1)
You enter the shallow water.
Moving in this stuff is going to be slow.
Terence the Incautious comes into view.
He is wielding a +0 hand axe.
Terence shouts!
A jackal comes into view.
There are monsters nearby!
There are monsters nearby!
The jackal barks!
You hear a bark!
Your scale mail prevents you from hitting the jackal.
A jackal comes into view.
The jackal bites you.
The jackal bites you but does no damage.
You barely miss the jackal.
The jackal bites you but does no damage.
You slash the jackal! You burn the jackal.
You kill the jackal!
You hit Terence. You burn Terence.
Terence is moderately wounded.
Terence barely misses you.
You hit Terence but do no damage.
Terence is moderately wounded.
You block Terence's attack.
You hit Terence. You burn Terence.
Terence is heavily wounded.
Terence hits you but does no damage.
You hit Terence. You burn Terence.
Terence is almost dead.
Terence hits you but does no damage.
You barely miss Terence.
Terence is almost dead.
Terence closely misses you.
You hit Terence. You burn Terence.
Terence is almost dead.
Terence hits you but does no damage.
You hit Terence but do no damage.
Terence is almost dead.
Terence barely misses you.
You barely miss Terence.
Terence is almost dead.
Terence hits you but does no damage. x2
You barely miss Terence.
Terence is almost dead.
Terence completely misses you.
You barely miss Terence.
Terence is almost dead.
Terence barely misses you.
Your scale mail prevents you from hitting Terence.
Terence is almost dead.
Terence hits you with a +0 hand axe.
You closely miss Terence.
Terence is almost dead.
Terence misses you.
You closely miss Terence.
Terence is almost dead.
Terence screams, "I want your blood!" Terence hits you but does no damage.
You hit Terence. You burn Terence.
You kill Terence!
You slash the jackal! You burn the jackal.
You kill the jackal!
Items here: ) [ †††.
Found 2 atropa-tipped darts.
m - 2 bubbling amethyst potions (gained 1)
You open the door.
There is an open door here.
Found a rapier.
Found a curved smoking staff.
A bat comes into view.
Found a dagger.
A hobgoblin comes into view. It is wielding a +0 rapier.
There are monsters nearby!
You block the bat's attack.
You hit the bat. You burn the bat.
You kill the bat!
You slash the hobgoblin! You burn the hobgoblin.
You kill the hobgoblin!
No target in view!
No target in view!
p - a brown potion You see here a +0 rapier.
q - a staff of cold
Found a stone staircase leading up.
Items here: ) [ †††.
You see here a +0 robe.
Done exploring.
Done exploring.
Drop what? 17/52 slots (_ for help) (? for menu, Esc to quit)
You drop a staff of cold.
(D) Dungeon
Where to? (Enter - D:3 @ (x,y), ? - help)
You see here a +0 robe.
Items here: ) [ †††.
There is a stone staircase leading down here.
You climb downwards.
There is a stone staircase leading up here.
Found 18 sling bullets.
An adder comes into view.
An adder is nearby!
The adder barely misses you.
You closely miss the adder. You block the adder's attack.
You hit the adder. You burn the adder.
The adder is moderately wounded.
The adder bites you but does no damage.
You barely miss the adder.
The adder is moderately wounded.
The adder bites you but does no damage. You block the adder's attack.
You closely miss the adder.
The adder is moderately wounded.
You block the adder's attack.
You barely miss the adder.
The adder is moderately wounded.
The adder bites you but does no damage.
You miss the adder.
The adder is moderately wounded.
The adder barely misses you. You block the adder's attack.
You hit the adder. You burn the adder.
The adder is heavily wounded.
The adder bites you but does no damage.
You slash the adder! You burn the adder.
You kill the adder!
Your Axes skill increases to level 5!
No target in view!
No target in view!
No target in view!
No target in view!
No target in view!
No target in view!
No target in view!
You see here 18 sling bullets.
A ball python comes into view.
The ball python hisses angrily.
A ball python is nearby!
A ball python is nearby!
A ball python is nearby!
You hit the ball python. You burn the ball python.
The ball python is severely wounded.
You block the ball python's attack. x2
You hit the ball python. You burn the ball python.
You kill the ball python!
No target in view!
No target in view!
No target in view!
No target in view!
No target in view!
A hobgoblin comes into view.
The hobgoblin shouts!
A hobgoblin is nearby!
A hobgoblin is nearby!
A hobgoblin is nearby!
The hobgoblin hits you but does no damage.
You slash the hobgoblin! You burn the hobgoblin.
You kill the hobgoblin!
An adder comes into view.
The adder barely misses you. The adder bites you but does no damage.
Your scale mail prevents you from hitting the adder.
The adder closely misses you.
You hit the adder. You burn the adder.
The adder is lightly wounded.
The adder barely misses you.
You slash the adder! You burn the adder.
You kill the adder!
No target in view!
No target in view!
m - 3 bubbling amethyst potions (gained 1)
Found a whip.
You now have 76 gold pieces (gained 9).
You see here 7 arrows.
You now have 82 gold pieces (gained 6).
Done exploring.
Done exploring.
Done exploring.
Done exploring.
Done exploring.
Done exploring.
(D) Dungeon
Where to? (Enter - D:3, ? - help)
There is a stone staircase leading down here.
You climb downwards.
The orc shouts!
Found 2 purple potions.
Found a stone staircase leading up.
There is a stone staircase leading up here.
There are monsters nearby!
There are monsters nearby!
An orc warrior comes into view. It is wielding a +0 battleaxe.
The orc warrior shouts!
The orc hits you but does no damage.
You barely miss the orc. The orc hits you but does no damage.
You completely miss the orc. You block the orc's attack.
You slash the orc! You burn the orc.
You kill the orc!
You closely miss the orc. The orc hits you with a +0 dagger.
You closely miss the orc. The orc hits you but does no damage.
You slash the orc! You burn the orc.
You kill the orc!
You hit the orc warrior. You burn the orc warrior.
The orc warrior is lightly wounded.
You block the orc warrior's attack.
You completely miss the orc warrior.
The orc warrior is lightly wounded.
The orc warrior barely misses you.
You completely miss the orc warrior.
The orc warrior is lightly wounded.
The orc warrior barely misses you.
You hit the orc warrior but do no damage.
The orc warrior is lightly wounded.
The orc warrior barely misses you.
Your scale mail prevents you from hitting the orc warrior.
The orc warrior is lightly wounded.
The orc warrior hits you with a +0 battleaxe!
* * * LOW HITPOINT WARNING * * *
You are too injured to fight recklessly!
You are too injured to fight recklessly!
You are too injured to fight recklessly!
You are too injured to fight recklessly!
You are too injured to fight recklessly!
You are too injured to fight recklessly!
There is a stone staircase leading up here.
A giant cockroach comes into view.
There is a stone staircase leading up here.
The giant cockroach waves its antennae.
Items here: ! )) †.
There is a stone staircase leading up here.
There is a stone staircase leading up here.
Items here: ! )) †.
There is a stone staircase leading up here.
There is a stone staircase leading up here.
Items here: ! )) †.
There is a stone staircase leading up here.
You climb upwards.
There is a stone staircase leading down here.
Done exploring.
Done exploring.
Done exploring.
You are too injured to fight recklessly!
You feel much better.
Unknown command.
There is a stone staircase leading down here.
You climb downwards.
The orc warrior hits you with a +0 battleaxe!
There is a stone staircase leading up here.
An orc warrior is nearby!
The giant cockroach waves its antennae.
Items here: ! )) †.
There is a stone staircase leading up here.
Items here: ! )) †.
There is a stone staircase leading up here.
Items here: ! )) †.
There is a stone staircase leading up here.
Items here: ! )) †.
There is a stone staircase leading up here.
Items here: ! )) †.
There is a stone staircase leading up here.
There is a stone staircase leading up here.
Items here: ! )) †.
There is a stone staircase leading up here.
There is a stone staircase leading up here.
Items here: ! )) †.
There is a stone staircase leading up here.
There is a stone staircase leading up here.
Items here: ! )) †.
There is a stone staircase leading up here.
There is a stone staircase leading up here.
Items here: ! )) †.
There is a stone staircase leading up here.
There is a stone staircase leading up here.
You climb upwards.
There is a stone staircase leading down here.
There is a stone staircase leading down here.
You climb downwards.
There is a stone staircase leading up here.
Found a stone staircase leading down.
There is a stone staircase leading down here.
You now have 87 gold pieces (gained 5).
You now have 98 gold pieces (gained 11).
Found 20 stones.
You see here 20 stones.
A necrophage comes into view.
A necrophage is nearby!
A necrophage is nearby!
You hit the necrophage. You burn the necrophage.
The necrophage is moderately damaged.
The necrophage closely misses you.
You hit the necrophage. You burn the necrophage.
The necrophage is heavily damaged.
The necrophage closely misses you.
You hit the necrophage. You burn the necrophage.
The necrophage is severely damaged.
The necrophage hits you.
You feel drained.
You hit the necrophage but do no damage.
The necrophage is severely damaged.
The necrophage closely misses you.
You hit the necrophage. You burn the necrophage.
The necrophage is almost destroyed.
You block the necrophage's attack.
Your scale mail prevents you from hitting the necrophage.
The necrophage is almost destroyed.
The necrophage hits you but does no damage.
You slash the necrophage! You burn the necrophage.
You destroy the necrophage!
Your life force feels restored.
Your Axes skill increases to level 6!
You have reached level 5!
You now have 111 gold pieces (gained 13).
You now have 130 gold pieces (gained 19).
A scorpion comes into view.
A scorpion is nearby!
You closely miss the scorpion. The scorpion barely misses you.
You hit the scorpion. You burn the scorpion.
The scorpion is moderately wounded.
The scorpion stings you but does no damage.
You hit the scorpion but do no damage.
The scorpion is moderately wounded.
You block the scorpion's attack. The scorpion misses you.
You hit the scorpion. You burn the scorpion.
The scorpion is severely wounded.
The scorpion stings you but does no damage.
You hit the scorpion. You burn the scorpion.
You kill the scorpion!
You have reached level 6!
Your experience leads to an increase in your attributes!
Increase (S)trength, (I)ntelligence, or (D)exterity?
You feel stronger.
Found 13 sling bullets.
k - 4 scrolls labelled VANUIMM GIGGIS (gained 1)
Found 6 stones.
An orc comes into view.
It is wielding a +1 short sword of speed.
Found 20 stones.
The orc shouts!
An orc comes into view. It is wielding a +0 club.
An orc comes into view. It is wielding a +0 whip.
The orc shouts! x2; You hear a shout! x2
An orc comes into view. It is wielding a +0 mace.
You slash the orc! You burn the orc.
You kill the orc!
You closely miss the orc. The orc hits you but does no damage.
You hit the orc. You burn the orc.
The orc is heavily wounded.
The orc closely misses you.
You slash the orc! You burn the orc.
You kill the orc!
You slash the orc! You burn the orc.
You kill the orc!
You hit the orc. You burn the orc.
You kill the orc!
Items here: )))) [ ††.
An orc comes into view. It is wielding a +0 flail.
The orc shouts!
An orc is nearby!
An orc is nearby!
You are too injured to fight recklessly!
You are too injured to fight recklessly!
You hit the orc. You burn the orc.
You kill the orc!
You see here a +0 flail.
A giant cockroach is nearby!
A giant cockroach is nearby!
A giant cockroach is nearby!
You hit the giant cockroach. You burn the giant cockroach.
You kill the giant cockroach!
There is a stone staircase leading up here.
q - 2 purple potions
Things that are here:
a +0 hand axe; a +0 dagger; an orc skeleton
There is a stone staircase leading up here.
An endoplasm comes into view.
The endoplasm quivers.
An endoplasm is nearby!
The endoplasm closely misses you.
You hit the endoplasm but do no damage. The endoplasm freezes you.
You are frozen.
You hit the endoplasm. You burn the endoplasm.
The endoplasm is almost dead.
You block the endoplasm's attack.
You hit the endoplasm. You burn the endoplasm.
You kill the endoplasm!
An adder comes into view.
The adder hisses angrily.
You barely miss the adder.
You hit the orc warrior but do no damage.
The adder barely misses you.
The orc warrior hits you but does no damage.
The adder completely misses you. The adder bites you but does no damage.
The adder bites you but does no damage. You block the adder's attack.
You block the adder's attack. The adder closely misses you.
There is a stone staircase leading up here.
The adder closely misses you.
There is a stone staircase leading up here.
You block the adder's attack.
You climb upwards.
There is a stone staircase leading down here.
You miss the adder. The adder barely misses you.
The adder bites you but does no damage.
You hit the adder. You burn the adder.
The adder is moderately wounded.
The adder closely misses you.
You slash the adder! You burn the adder.
You kill the adder!
You see here 7 arrows.
There is a stone staircase leading down here.
You climb downwards.
There is a stone staircase leading up here.
There is a stone staircase leading down here.
You climb downwards.
Found a whip.
There is a stone staircase leading up here.
You climb upwards.
There is a stone staircase leading down here.
There is a stone staircase leading up here.
A kobold comes into view. It is wielding a +0 short sword.
The kobold shouts!
The kobold unwields a +0 short sword.
The kobold wields a +0 hand crossbow.
The kobold shoots a bolt.
The bolt completely misses you.
A kobold is nearby!
A kobold is nearby!
You are too injured to fight recklessly!
You are too injured to fight recklessly!
You are too injured to fight recklessly!
The kobold shoots a bolt.
The bolt closely misses you.
The kobold shoots a bolt.
The bolt hits you.
The kobold shoots a bolt.
The bolt barely misses you.
The kobold shoots a bolt.
The bolt hits you.
Found 18 arrows.
The kobold shoots a bolt.
You block the bolt.
Found 10 gold pieces.
A hobgoblin comes into view.
The kobold unwields a +0 hand crossbow.
The kobold wields a +0 short sword.
The kobold barely misses you.
The hobgoblin shouts!
You hit the kobold. You burn the kobold.
You kill the kobold!
Items here: ( )) †.
The hobgoblin hits you but does no damage.
You hit the hobgoblin. You burn the hobgoblin.
The hobgoblin is almost dead.
You block the hobgoblin's attack.
You closely miss the hobgoblin.
The hobgoblin is almost dead.
The hobgoblin hits you but does no damage.
You hit the hobgoblin. You burn the hobgoblin.
You kill the hobgoblin!
Found a whip.
Found a stone staircase leading down.
You now have 140 gold pieces (gained 10). 3 orcs come into view.
The orc shouts! x3
There are monsters nearby!
There are monsters nearby!
You are too injured to fight recklessly!
You hit the orc. You burn the orc.
You kill the orc!
You hit the orc. You burn the orc.
You kill the orc!
You hit the orc. You burn the orc. You closely miss the orc.
The orc is heavily wounded.
The orc closely misses you.
You slash the orc! You burn the orc.
You kill the orc!
Things that are here:
a +0 dagger; a +0 club; an orc corpse
Found 12 arrows.
r - a sapphire potion You see here 12 arrows.
You see here 18 arrows.
A water moccasin skeleton comes into view.
A water moccasin skeleton is nearby!
You are too injured to fight recklessly!
You are too injured to fight recklessly!
You are too injured to fight recklessly!
You hit the water moccasin skeleton. You burn the water moccasin skeleton.
The water moccasin skeleton is lightly damaged.
The water moccasin skeleton bites you but does no damage.
You slash the water moccasin skeleton! You burn the water moccasin skeleton.
The water moccasin skeleton is heavily damaged.
The water moccasin skeleton bites you but does no damage.
You block the water moccasin skeleton's attack.
You slash the water moccasin skeleton! You burn the water moccasin skeleton.
The water moccasin skeleton is almost destroyed.
The water moccasin skeleton bites you but does no damage.
You barely miss the water moccasin skeleton.
The water moccasin skeleton is almost destroyed.
The water moccasin skeleton bites you.
You slash the water moccasin skeleton! You burn the water moccasin skeleton.
You destroy the water moccasin skeleton!
Your Axes skill increases to level 7!
You now have 154 gold pieces (gained 14).
An adder comes into view.
The adder hisses angrily.
An adder is nearby!
An adder is nearby!
An adder is nearby!
You block the adder's attack.
You slash the adder! You burn the adder.
The adder is almost dead.
The adder barely misses you.
You hit the adder. You burn the adder.
You kill the adder!
You see here an adder corpse.
You see here a +0 short sword.
An endoplasm comes into view.
An endoplasm is nearby!
An endoplasm is nearby!
An endoplasm is nearby!
The endoplasm jiggles.
You slash the endoplasm! You burn the endoplasm.
You kill the endoplasm!
A quokka comes into view.
You see here a scroll labelled QIYS VOUSEIRAIXU.
A quokka is nearby!
A quokka is nearby!
The quokka bites you but does no damage.
You hit the quokka but do no damage. The quokka closely misses you.
You slash the quokka! You burn the quokka.
You kill the quokka!
You see here a quokka corpse.
s - a bubbling clear potion
t - a scroll labelled QIYS VOUSEIRAIXU You now have 170 gold pieces (gained 16).
Found a stone staircase leading down.
u - a scroll labelled BAFUFA LOVIQOI
h - 3 scrolls labelled TOOSEE GU WYC (gained 1)
k - 5 scrolls labelled VANUIMM GIGGIS (gained 1)
An ogre comes into view. It is wielding a +0 giant club.
An ogre is nearby!
You are too injured to fight recklessly!
You aren't carrying any items that you can evoke.
You slash the ogre! You burn the ogre.
The ogre is moderately wounded.
The ogre hits you with a +0 giant club!!
* * * LOW HITPOINT WARNING * * *
You slash the ogre! You burn the ogre.
The ogre is almost dead.
You hit the ogre. You burn the ogre.
The ogre is almost dead.
The ogre completely misses you.
You slash the ogre! You burn the ogre.
You kill the ogre!
You are too injured to fight recklessly!
You don't know any spells.
Unknown command.
Your magical essence is drained by the effort!
You feel much better.
You see here a +0 giant club.
i - 3 green potions (gained 2)
An adder comes into view.
The adder hisses angrily.
An adder is nearby!
An adder is nearby!
An adder is nearby!
An adder is nearby!
Found a leather armour.
You hit the adder. You burn the adder.
The adder is moderately wounded.
The adder bites you but does no damage. You block the adder's attack.
You hit the adder. You burn the adder.
The adder is severely wounded.
The adder barely misses you.
You miss the adder.
The adder is severely wounded.
You block the adder's attack.
You barely miss the adder.
The adder is severely wounded.
You block the adder's attack.
You slash the adder! You burn the adder.
You kill the adder!
No target in view!
No target in view!
No target in view!
No target in view!
No target in view!
You see here an adder corpse.
You see here a +0 giant club.
You see here a +0 giant club.
Items here: )))) [.
You see here 6 stones.
You see here 20 stones.
There is a stone staircase leading up here.
Things that are here:
a +0 hand axe; a +0 dagger
There is a stone staircase leading up here.
The orc warrior shouts!
An orc warrior is nearby!
The orc warrior hits you with a +0 battleaxe.
You slash the orc warrior! You burn the orc warrior.
The orc warrior is heavily wounded.
The orc warrior misses you.
You hit the orc warrior but do no damage.
The orc warrior is heavily wounded.
The orc warrior hits you with a +0 battleaxe!
You hit the orc warrior but do no damage.
The orc warrior is heavily wounded.
The orc warrior barely misses you.
You hit the orc warrior. You burn the orc warrior.
The orc warrior is heavily wounded.
You hit the orc warrior. You burn the orc warrior.
The orc warrior is almost dead.
You block the orc warrior's attack.
You hit the orc warrior but do no damage.
The orc warrior is almost dead.
The orc warrior hits you with a +0 battleaxe.
You are too injured to fight recklessly!
You are too injured to fight recklessly!
You are too injured to fight recklessly!
You are too injured to fight recklessly!
You are too injured to fight recklessly!
You are too injured to fight recklessly!
You are too injured to fight recklessly!
You are too injured to fight recklessly!
You are too injured to fight recklessly!
You are too injured to fight recklessly!
You are too injured to fight recklessly!
You are too injured to fight recklessly!
You are too injured to fight recklessly!
You are too injured to fight recklessly!
You are too injured to fight recklessly!
You are too injured to fight recklessly!
You are too injured to fight recklessly!
You are too injured to fight recklessly!
You are too injured to fight recklessly!
You are too injured to fight recklessly!
You are too injured to fight recklessly!
You are too injured to fight recklessly!
You are too injured to fight recklessly!
You hit the orc warrior. You burn the orc warrior.
You kill the orc warrior!
Your Axes skill increases to level 8!
You have reached level 7!
Things that are here:
a +0 battleaxe; a +0 plate armour Done exploring.
Done exploring.
Done exploring.
Done exploring.
(D) Dungeon
Where to? (Enter - D:4 @ (x,y), ? - help)
You see here a +0 flail.
Items here: )))) [.
There is a stone staircase leading down here.
You climb downwards.
There is a stone staircase leading up here.
A shadow is nearby!
A shadow is nearby!
A shadow is nearby!
You are too injured to fight recklessly!
You are too injured to fight recklessly!
You are too injured to fight recklessly!
You are too injured to fight recklessly!
You are too injured to fight recklessly!
You are too injured to fight recklessly!
You are too injured to fight recklessly!
You are too injured to fight recklessly!
You are too injured to fight recklessly!
You are too injured to fight recklessly!
You are too injured to fight recklessly!
You are too injured to fight recklessly!
You are too injured to fight recklessly!
You are too injured to fight recklessly!
You are too injured to fight recklessly!
You are too injured to fight recklessly!
You barely miss the shadow. The shadow hits you.
You barely miss the shadow. The shadow hits you!
You barely miss the shadow. The shadow hits you.
You closely miss the shadow. The shadow hits you.
* * * LOW HITPOINT WARNING * * *
You barely miss the shadow. The shadow closely misses you.
You hit the shadow. You burn the shadow.
The shadow is moderately damaged.
The shadow slips into darkness.
The shadow flickers and vanishes!
Deactivating autopickup; reactivate with Ctrl-A.
You hit something. You burn something. You hit something. You burn something.
The shadow strikes at you from the darkness!
* * * LOW HITPOINT WARNING * * *
Reactivating autopickup.
You closely miss the shadow.
The shadow is heavily damaged.
The shadow hits you!
* * * LOW HITPOINT WARNING * * *
You hit the shadow but do no damage.
The shadow is heavily damaged.
The shadow hits you.
You die...

, .... , ,
.###... ,
,....... ,,
,, ....... ,,
#...... ,, ,
≈#...... , ,
,
#.....W####.#
#......@<...#
≈≈
#......)....#
,
#...........#
,
...###+####+#
, , .. * **
,,, . , * ,,,
, , , * , ,
,,< , , , ,


You could see a shadow.

Vanquished Creatures
  A necrophage (D:4)
  An ogre (D:4)
  An orc warrior (D:4)
  A scorpion (D:4)
  A water moccasin skeleton (D:4)
  Terence (D:2)
  8 adders
  A dart slug (D:2)
  10 orcs (D:4)
  3 ball pythons
  7 bats
  8 endoplasms
  3 giant cockroaches
  A goblin (D:2)
  10 hobgoblins
  2 jackals (D:2)
  3 kobolds
  6 quokkas
  2 frilled lizards
  5 rats
75 creatures vanquished.

Vanquished Creatures (others)
  A plant (D:2)
1 creature vanquished.

Grand Total: 76 creatures vanquished

Notes
Turn   | Place    | Note
-------+----------+-------------------------------------------
     0 | D:1      | sleeves the Deep Dwarf Fighter began the quest for the Orb.
     0 | D:1      | Reached XP level 1. HP: 20/20 MP: 1/1
    76 | D:1      | Reached XP level 2. HP: 21/27 MP: 2/2
   517 | D:2      | Found a faded altar of an unknown god.
   523 | D:2      | Reached skill level 3 in Axes
   536 | D:2      | Found an ornate altar of the Wu Jian Council.
   544 | D:2      | Reached skill level 4 in Shields
   599 | D:3      | Reached XP level 3. HP: 30/33 MP: 3/3
   841 | D:3      | Found a shimmering altar of Xom.
   859 | D:3      | Found Fiqiyc's Weapon Shoppe.
   917 | D:2      | Reached skill level 4 in Axes
   936 | D:2      | Reached XP level 4. HP: 34/40 MP: 4/4
  1006 | D:2      | Noticed Terence
  1027 | D:2      | Killed Terence
  1171 | D:3      | Reached skill level 5 in Axes
  1342 | D:4      | Noticed an orc warrior
  1353 | D:4      | HP: 19/40 [orc warrior (8)]
  1650 | D:4      | Noticed a necrophage
  1661 | D:4      | Killed a necrophage
  1662 | D:4      | Reached skill level 6 in Axes
  1662 | D:4      | Reached XP level 5. HP: 29/46 MP: 5/5
  1696 | D:4      | Reached XP level 6. HP: 35/55 MP: 6/6
  1905 | D:5      | Entered Level 5 of the Dungeon
  1905 | D:5      | Noticed a shadow
  2012 | D:4      | Reached skill level 7 in Axes
  2183 | D:4      | HP: 14/55 [ogre (19)]
  2344 | D:4      | Killed an orc warrior
  2345 | D:4      | Reached skill level 8 in Axes
  2345 | D:4      | Reached XP level 7. HP: 39/61 MP: 6/6
  2390 | D:5      | HP: 27/61 [shadow (4)]
  2394 | D:5      | HP: 9/61 [something (18)]
  2396 | D:5      | Slain by a shadow

Illustrated notes

Levels and vault maps discovered:
D:1:      dpeg_arrival_refuge, layout_rooms, kennysheep_decorative_pillar,
          minmay_misc_feat_rugged
D:2:      layout_basic, dreamdust_ecumenical_altar_grove, basic_altar,
          guppyfry_early_lair_pool, uniq_terence
D:3:      layout_rooms, brannock_xom_greatest_gift, serial_shops,
          nicolae_shop_statue_plus, minmay_misc_feat_roman
D:4:      layout_loops_cross
D:5:      layout_basic, general_overflow_altar, nicolae_ashenzari_skybound,
          mainiacjoe_overflow_concentric_impassable, minmay_temple_entry_hall,
          uniq_crazy_yiuf_cottage, uniq_eustachio

Skill      XL: |  1  2  3  4  5  6 |
---------------+-------------------+-----
Axes           | 3 4 6 8 |  8.2
Shields        | 4 |  4.0
Fighting       | |  2.6
Armour         | |  3.2

Action                   |  1- 3 |  4- 6 |  7- 9 || total
-------------------------+-------+-------+-------++-------
Melee: War axe           |    11 |       |       ||    11
       Hand axe          |    78 |   114 |    10 ||   202
 Abil: Heal Wounds       |     1 |     2 |       ||     3
Armor: Scale mail        |    40 |    34 |       ||    74
Dodge: Dodged            |    47 |    38 |     1 ||    86
Block: Buckler           |    23 |    26 |       ||    49

Table legend: (Time is in decaauts)
 A = Elapsed time spent in this place.
 B = Non-inter-level travel time spent in this place.
 C = Inter-level travel time spent in this place.
 D = Time resting spent in this place.
 E = Time spent auto-exploring this place.
 F = Levels seen in this place.
 G = Mean time per level.
                   A        B        C        D        E       F      G
               +--------+--------+--------+--------+--------+-----+--------+
         Total |   2418 |   2184 |    234 |      0 |   1476 |   5 |  483.6 |
       Dungeon |   2418 |   2184 |    234 |      0 |   1476 |   5 |  483.6 |
               +--------+--------+--------+--------+--------+-----+--------+

Top non-repeatable levels by time:
     D:4: 945 daAuts
     D:3: 610 daAuts
     D:1: 526 daAuts
     D:2: 324 daAuts
     D:5: 12 daAuts
